 Dungeon Crawl Stone Soup version 0.24-a0-479-g9a978d2894 (webtiles) character file.

Game seed: 3611280464022252139

0 Gargoyl the Skirmisher (level 1, -6/19 HPs)
             Began as a Centaur Abyssal Knight on July 6, 2019.
             Was a Follower of Lugonu.
             Mangled by a sixfirhy (11 damage)
             ... on level 2 of the Abyss.
             The game lasted 00:00:26 (83 turns).

Gargoyl the Skirmisher (Centaur Abyssal Knight)       Turns: 83, Time: 00:00:27

Health: -6/19      AC:  4    Str: 14    XL:     1   Next: 0%
Magic:  2/2        EV:  9    Int: 11    God:    Lugonu [*.....]
Gold:   0          SH:  0    Dex:  8    Spells: 0/0 levels left

rFire    . . .     SeeInvis .   a - +1 hand axe
rCold    . . .     Gourm    .   (no shield)
rNeg     . . .     Faith    .   b - +0 leather armour
rPois    .         Spirit   .   (no helmet)
rElec    .         Reflect  .   (no cloak)
rCorr    .         Harm     .   (no gloves)
MR       .....                  (no barding)
Stlth    ..........             (no amulet)
HPRegen  0.06/turn              (no ring)
MPRegen  0.08/turn              (no ring)

@: very quick
A: large, hooves 3, deformed body, speed 2, tough skin 3
a: Depart the Abyss, Renounce Religion


You were on level 2 of the Abyss.
You worshipped Lugonu.
Lugonu was aware of your devotion.
You were not hungry.

You visited 0 branches of the dungeon, and saw 0 of its levels.
You visited the Abyss 1 time.

Inventory:

Hand Weapons
 a - a +1 hand axe (weapon)
Armour
 b - a +0 leather armour (worn)
Comestibles
 c - a ration


   Skills:
 + Level 3.0 Fighting
 + Level 1.7 Axes
 + Level 1.3 Armour
 + Level 0.6 Dodging
 + Level 2.0 Invocations


You couldn't memorise any spells.
You didn't know any spells.
Your spell library was empty.

Dungeon Overview and Level Annotations

Branches:
Dungeon (0/15)

Altars:


Innate Abilities, Weirdness & Mutations

You have hooves in place of feet.
Armour fits poorly on your strangely shaped body.
You cover ground very quickly.
You have extremely tough skin. (AC +3)


Message History

A tentacled starspawn comes into view.
Found a scroll of torment.
A large abomination comes into view.
A worldbinder comes into view.
The worldbinder calls forth creatures from the Orcish Mines!
Found 50 gold pieces.
The worldbinder calls forth creatures from the Orcish Mines!
The orc priest disappears in a puff of smoke!
The orc priest looks encouraged for a moment.
A tentacled starspawn comes into view.
A sixfirhy comes into view.
The worldbinder calls forth creatures from the Orcish Mines!
The orc priest miscasts a cantrip.
A wretched star comes into view.
The orc priest disappears in a puff of smoke!
The sixfirhy hits you!
* * * LOW HITPOINT WARNING * * *
The sixfirhy shocks you!
Ouch! That really hurt!
You die...

#..T.####
#.##...# #.#
#ยง.## .
..###.### .. .
## #..#..#..#
#.#####..#....#
..............*.
................
....##.@3...##..
... #......# .
.. ........... .
.............
...............
...............
...............
...............


You could see a wretched star and a sixfirhy.

Vanquished Creatures (others)
  2 starspawn tentacles (Abyss:2)
2 creatures vanquished.

Notes
Turn   | Place    | Note
-------+----------+-------------------------------------------
     0 | Abyss:1  | Gargoyl the Centaur Abyssal Knight began the quest for the
                  | Orb.
     0 | Abyss:1  | Reached XP level 1. HP: 19/19 MP: 2/2
    15 | Abyss:2  | Noticed a great orb of eyes
    46 | Abyss:2  | Noticed a tentacled starspawn
    52 | Abyss:2  | Noticed a large abomination
    58 | Abyss:2  | Noticed a worldbinder
    59 | Abyss:2  | Noticed an orc priest
    68 | Abyss:2  | Noticed an orc priest
    68 | Abyss:2  | Noticed an orc priest
    70 | Abyss:2  | Noticed an orc priest
    74 | Abyss:2  | Noticed a tentacled starspawn
    78 | Abyss:2  | Noticed a sixfirhy
    79 | Abyss:2  | Noticed a troll
    82 | Abyss:2  | Noticed a wretched star
    83 | Abyss:2  | Mangled by a sixfirhy

Levels and vault maps discovered:
Abyss:2:  hangedman_illusive_loot

Action                   || total
-------------------------++-------
  Use: Scroll            ||     1
       Potion            ||     1

Table legend:
 A = Non-vault XP
 B = Vault XP
 C = Vault XP percentage of total XP
 D = Non-vault monster count
 E = Vault monster count
 F = Vault count percentage of total count
                 A         B        C        D         E       F
            +---------+---------+-------+---------+---------+-------
      Total |       0 |       0 |   N/A |       0 |       0 |  -nan
            +---------+---------+-------+---------+---------+-------
            +---------+---------+-------+---------+---------+-------
